 Dungeon Crawl Stone Soup version 0.16.1-30-g34a7ffa (webtiles) character file.

8574 Yawgmoth the Geomancer (level 11, -4/74 HPs)
             Began as a Gargoyle Earth Elementalist on June 13, 2015.
             Was a Priest of Vehumet.
             Slain by Urug
             ... wielding a +0 long sword
              (21 damage)
             ... on level 10 of the Dungeon on June 14, 2015.
             The game lasted 01:38:28 (11411 turns).

Yawgmoth the Geomancer (GrEE)                      Turns: 11411, Time: 01:38:28

Health: -4/74      AC: 12    Str: 12    XL:     11   Next: 33%
Magic:  1/37       EV: 12    Int: 19    God:    Vehumet [***...]
Gold:   473        SH:  0    Dex: 10    Spells: 4 memorised, 16 levels left

rFire  . . .     SeeInvis .     h - +1 whip (elec) {ZAP}
rCold  + . .     Clarity  .     K - +1 robe {rN+}
rNeg   + + .     SustAb   .     (no shield)
rPois  ∞         Gourm    .     n - +0 helmet
rElec  +         Spirit   .     (no cloak)
rCorr  .         Warding  .     L - +0 pair of gloves
rMut   .         Stasis   .     (no boots)
MR     .....                    C - amulet of regeneration {Nanobots Activate}
Stlth  ++++......               u - ring of magical power
                                z - ring of stealth

@: not resistant to hostile enchantments, stealthy
A: talons 1, cold resistance 1, negative energy resistance 1, robust 1,
electricity resistance, unbreathing, petrification resistance, rot immunity, AC
+7
a: Renounce Religion


You were on level 10 of the Dungeon.
You worshipped Vehumet.
Vehumet was most pleased with you.
You were not hungry.

You visited 2 branches of the dungeon, and saw 11 of its levels.

You collected 473 gold pieces.

Inventory:

Hand weapons
 h - a +1 whip of electrocution (weapon) {ZAP}
 G - a +0 quarterstaff
Missiles
 b - 237 stones
 e - 3 poisoned javelins (quivered)
Armour
 n - a +0 helmet (worn)
 K - a +1 robe of positive energy (worn)
 L - a +0 pair of gloves (worn)
Jewellery
 p - an uncursed ring of ice
 u - a ring of magical power (right hand)
 z - a ring of stealth (left hand)
 A - a cursed ring of teleportation {unknown}
 C - an amulet of regeneration (around neck) {Nanobots Activate}
 E - an uncursed ring of protection from fire {unknown}
 F - a +3 ring of dexterity
 M - an uncursed ring of ice
 Z - an uncursed ring of wizardry {unknown}
Magical devices
 x - a wand of paralysis (16)
 O - a wand of digging (11)
 U - a wand of confusion (14)
Scrolls
 i - 3 scrolls of amnesia
 j - 6 scrolls of teleportation {unknown}
 l - a scroll of fear {unknown}
 m - 11 scrolls of identify
 o - 4 scrolls of magic mapping {unknown}
 s - 8 scrolls of remove curse
 v - 2 scrolls of recharging {unknown}
 w - 2 scrolls of blinking {unknown}
 y - a scroll of enchant weapon {unknown}
 B - 4 scrolls of immolation {unknown}
 N - a scroll of torment {unknown}
 Q - a scroll of summoning {unknown}
 T - a scroll of enchant armour {unknown}
 Y - a scroll of random uselessness {unknown}
Potions
 c - a potion of lignification {unknown}
 g - a potion of brilliance {unknown}
 k - 6 potions of curing
 t - a potion of haste {unknown}
 D - a potion of flight {unknown}
 H - 3 potions of might {unknown}
 I - a potion of poison {unknown}
 J - a potion of heal wounds {unknown}
 R - 2 potions of agility {unknown}
 W - a potion of restore abilities {unknown}
Books
 d - a book of Geomancy

   Spells                             Type                      Level
   a - Sandblast                      Earth                        1
   b - Stoneskin                      Transmutation/Earth          2
   c - Passwall                       Transmutation/Earth          3
   d - Stone Arrow                    Conjuration/Earth            3
   e - Petrify                        Transmutation/Earth          4
   f - Lee's Rapid Deconstruction     Earth                        5
 r - a book of Maledictions

   Spells                             Type                      Level
   a - Corona                         Hexes                        1
   b - Sure Blade                     Hexes/Charms                 2
   c - Ensorcelled Hibernation        Hexes/Ice                    2
   d - Confuse                        Hexes                        3
   e - Dazzling Spray                 Conjuration/Hexes            3
   f - Enslavement                    Hexes                        4
 P - a book of Power

   Spells                             Type                      Level
   a - Fulminant Prism                Conjuration/Hexes            4
   b - Iskenderun's Mystic Blast      Conjuration                  4
   c - Venom Bolt                     Conjuration/Poison           5
   d - Bolt of Magma                  Conjuration/Fire/Earth       5
   e - Iron Shot                      Conjuration/Earth            6
   f - Orb of Destruction             Conjuration                  7
   g - Spellforged Servitor           Conjuration/Summoning        7
Comestibles
 a - 4 bread rations
 f - 9 meat rations
 q - a royal jelly
 V - 12 fruits
 X - 6 slices of pizza


   Skills:
 + Level 8.0 Fighting
 + Level 7.5(7.7) Maces & Flails
 - Level 2.6(5.4) Staves
 - Level 1.7 Dodging
 + Level 5.1 Stealth
 * Level 8.5 Spellcasting
 - Level 0.7 Transmutations
 * Level 11.3 Earth Magic


You had 16 spell levels left.
You knew the following spells:

 Your Spells              Type           Power        Failure   Level  Hunger
a - Sandblast             Erth           ######       1%          1    None
b - Stoneskin             Trmt/Erth      ####....     1%          2    None
c - Stone Arrow           Conj/Erth      ####..       1%          3    None
d - Lee's Rapid Deconstr  Erth           ######....   1%          5    #####..


Dungeon Overview and Level Annotations

Branches:
Dungeon (10/15)            Temple (1/1) D:6
   Lair: D:8-11         Orc: D:9-12

Altars:
Ashenzari
Cheibriados
Dithmenos
Elyvilon
Fedhas
Gozag
Kikubaaqudgha
Makhleb
Nemelex Xobeh
Okawaru
Qazlal
Ru
Sif Muna
Trog
Vehumet
Xom
Yredelemnul
Zin
The Shining One

Shops:
D:8 *

Annotations:
D:10 Urug


Innate Abilities, Weirdness & Mutations

You are resistant to torment.
You are immune to poison.
Your stone body is very resilient (AC +7).
You resist negative energy.
You are resistant to electric shocks.
You can survive without breathing.
You are immune to petrification.
You are immune to rotting.
You have sharp toenails.
Your flesh is cold resistant.
You are robust (+10% HP).


Message History

Confirm with . or Enter, or press ? or * to list all spells.
Aiming: Stone Arrow
Press: ? - help, Shift-Dir - straight line, f/p - Urug
Aim: Urug, wielding a long sword, wearing a runed leather armour and carrying a wand of cold {zapped: 1} (severely wounded)
The stone arrow hits Urug.
Urug is almost dead.
Urug hits you with a long sword!!
You closely miss Urug. You claw Urug, but do no damage.
Urug is almost dead.
Urug barely misses you.
You hit Urug but do no damage.
Urug is almost dead.
You barely miss Urug. You claw Urug, but do no damage.
Urug is almost dead.
Urug hits you with a long sword!
* * * LOW HITPOINT WARNING * * *
You hit Urug but do no damage.
Urug is almost dead.
Urug hits you with a long sword!!
You die...

#....# #.# #.# # ######
#.# #.###### .....# #.#
#....... ####.# #.#
#....... ...#.# #.#
#.###### ##.#.# #.# #.#
#..#.# #.# #.# #.##.#
#.# #.# #....#
#@#########.######
######
######o(...............
.....#
...o.....(....[.........
####.#
##.####..........(####.
...#.# #...#######.#
##.#.# #...# .# #..#.#
#...# .# #.##.# #...# .#
#....# #...# .#


You could see Urug.

Vanquished Creatures
  A hydra (D:9)
  A centaur warrior (D:9)
  A hill giant (D:10)
  Pikel (D:4)
  A two-headed ogre (D:10)
  Eustachio (D:4)
  A hippogriff (D:9)
  Grum (D:10)
  7 yaks (D:9)
  4 wolves (D:10)
  An ice beast (D:6)
  2 sky beasts
  2 phantoms
  2 orc warriors (D:9)
  A slave (D:4)
  2 black bears (D:7)
  4 ogres
  2 centaurs
  5 big kobolds
  5 giant frogs
  A wyvern zombie (D:10)
  2 wyvern skeletons
  A water moccasin zombie (D:10)
  4 scorpions
  3 killer bees (D:8)
  A jelly (D:9)
  3 goliath beetles
  2 centaur skeletons
  7 hounds
  A crimson imp (D:5)
  2 giant frog zombies
  A giant frog skeleton (D:7)
  5 iguanas
  A gnoll shaman (D:4)
  An orc priest (D:6)
  8 worker ants
  5 orc wizards
  2 sheep (D:9)
  A hound zombie (D:6)
  Terence (D:2)
  5 gnolls
  12 adders
  2 shadow imps
  4 worms
  2 giant geckos (D:7)
  27 orcs
  8 giant cockroaches
  14 hobgoblins
  4 jackals (D:2)
  33 kobolds
  5 quokkas
  2 ball pythons
  9 bats
  A giant gecko zombie (D:5)
  2 giant newts
  8 goblins
  19 rats
254 creatures vanquished.

Vanquished Creatures (others)
  Menkaure (D:4)
  A slave (D:4)
  A bat skeleton (D:4)
3 creatures vanquished.

Grand Total: 257 creatures vanquished

Notes
Turn   | Place    | Note
--------------------------------------------------------------
     0 | D:1      | Yawgmoth, the Gargoyle Earth Elementalist, began the quest for the Orb.
     0 | D:1      | Reached XP level 1. HP: 10/10 MP: 3/3
   344 | D:1      | Reached XP level 2. HP: 15/15 MP: 4/4
   911 | D:2      | Reached skill level 4 in Earth Magic
  1288 | D:2      | Reached skill level 1 in Fighting
  1288 | D:2      | Reached XP level 3. HP: 16/20 MP: 4/6
  1445 | D:2      | Reached skill level 1 in Maces & Flails
  1688 | D:2      | Reached XP level 4. HP: 24/26 MP: 8/8
  2900 | D:3      | Noticed Terence
  3065 | D:2      | Killed Terence
  3065 | D:2      | Reached XP level 5. HP: 5/30 MP: 1/10
  3324 | D:2      | Learned a level 2 spell: Stoneskin
  3328 | D:2      | Learned a level 3 spell: Stone Arrow
  3482 | D:4      | Reached skill level 5 in Earth Magic
  3638 | D:4      | Reached XP level 6. HP: 30/36 MP: 13/13
  3791 | D:4      | Noticed Eustachio
  3808 | D:4      | Killed Eustachio
  3938 | D:4      | Noticed a slave
  3947 | D:4      | Noticed Pikel
  3947 | D:4      | Noticed a slave
  3947 | D:4      | Noticed a slave
  3947 | D:4      | Noticed a slave
  3979 | D:4      | Killed a slave
  4003 | D:4      | Killed Pikel
  4003 | D:4      | Reached skill level 6 in Earth Magic
  4003 | D:4      | Reached XP level 7. HP: 36/43 MP: 17/17
  4125 | D:4      | Reached XP level 8. HP: 37/48 MP: 18/18
  4540 | D:4      | Killed a freed slave
  4627 | D:4      | Killed Menkaure
  5016 | D:5      | Entered Level 5 of the Dungeon
  5196 | D:5      | Reached skill level 7 in Earth Magic
  5241 | D:5      | Reached skill level 5 in Fighting
  5471 | D:5      | Reached skill level 5 in Spellcasting
  5746 | D:5      | Found a burning altar of Makhleb.
  6171 | D:6      | Reached skill level 5 in Maces & Flails
  6342 | D:5      | Reached skill level 1 in Staves
  6521 | D:6      | Reached XP level 9. HP: 45/54 MP: 21/21
  7271 | D:6      | Found a staircase to the Ecumenical Temple.
  7280 | Temple   | Entered the Ecumenical Temple
  7379 | Temple   | Became a worshipper of Vehumet
  7708 | D:7      | Reached skill level 8 in Earth Magic
  8615 | D:8      | Found Kanos' Assorted Antiques.
  8642 | D:8      | Acquired Vehumet's first power
  8642 | D:8      | Offered knowledge of Shock by Vehumet.
  8654 | D:8      | Learned a level 5 spell: Lee's Rapid Deconstruction
  8991 | D:8      | Reached skill level 9 in Earth Magic
  8997 | D:8      | Gained mutation: Your flesh is cold resistant. [mutagenic meat]
  9490 | D:9      | Reached XP level 10. HP: 61/61 MP: 24/24
  9561 | D:9      | Noticed a centaur warrior
  9572 | D:9      | Killed a centaur warrior
  9859 | D:9      | Offered knowledge of Flame Tongue by Vehumet.
  9956 | D:9      | Reached skill level 10 in Earth Magic
 10104 | D:9      | Noticed a three-headed hydra
 10112 | D:9      | Killed a three-headed hydra
 10444 | D:9      | Reached XP level 11. HP: 68/68 MP: 27/27
 10587 | D:10     | Entered Level 10 of the Dungeon
 10915 | D:10     | Noticed Grum
 10919 | D:10     | Reached skill level 11 in Earth Magic
 10920 | D:10     | Killed Grum
 10920 | D:10     | Offered knowledge of Inner Flame by Vehumet.
 11130 | D:10     | Gained mutation: You have sharp toenails. [mutagenic meat]
 11131 | D:10     | Gained mutation: You are robust (+10% HP). [mutagenic meat]
 11170 | D:10     | Noticed a hill giant
 11176 | D:10     | Killed a hill giant
 11176 | D:10     | Reached skill level 5 in Stealth
 11289 | D:10     | Acquired Vehumet's second power
 11390 | D:10     | Noticed Urug
 11411 | D:10     | Slain by Urug

Action                   |  1- 3 |  4- 6 |  7- 9 | 10-12 || total
-------------------------+-------+-------+-------+-------++-------
Melee: Whip              |    89 |    83 |   295 |    95 ||   562
       Unarmed           |     2 |       |       |       ||     2
       Club              |     1 |       |       |       ||     1
       Flail             |       |     2 |       |       ||     2
Throw: Stone             |     2 |     1 |       |       ||     3
       Javelin           |       |     5 |    30 |     5 ||    40
       Tomahawk          |       |       |     4 |       ||     4
 Cast: Sandblast         |    21 |    66 |    28 |     2 ||   117
       Stoneskin         |       |     2 |    13 |     4 ||    19
       Stone Arrow       |       |       |    64 |    69 ||   133
       Lee's Rapid Decon |       |       |     1 |    22 ||    23
  Use: Scroll            |       |     2 |       |       ||     2
       Potion            |       |       |       |     1 ||     1
 Stab: Sleeping          |       |       |     6 |       ||     6
       Distracted        |       |       |       |     1 ||     1
  Eat: Chunk             |     3 |     7 |    22 |    10 ||    42
       Bread ration      |       |       |     1 |     1 ||     2
